 Dungeon Crawl Stone Soup version 0.27-a0-287-gd4424db430 (webtiles) character file.

Game seed: 16888323137675646398

96 puppykicker the Charlatan (level 4, 0/34 HPs)
             Began as a Formicid Artificer on Feb 8, 2021.
             Slain by an orc
             ... wielding a +0 flail
              (6 damage)
             ... on level 3 of the Dungeon.
             The game lasted 00:08:16 (3186 turns).

puppykicker the Charlatan (Formicid Artificer)      Turns: 3186, Time: 00:08:16

Health: 0/34       AC:  5    Str: 18    XL:     4   Next: 98%
Magic:  4/4        EV: 10    Int: 10    God:
Gold:   85         SH:  0    Dex: 11    Spells: 3/3 levels left

rFire    . . .     SeeInvis +   a - +0 war axe
rCold    . . .     Faith    .   (no shield)
rNeg     . . .     Spirit   .   n - +0 ring mail
rPois    .         Reflect  .   (helmet unavailable)
rElec    .         Harm     .   (no cloak)
rCorr    .         Rampage  .   (no gloves)
Will     .....                  (no boots)
Stlth    +.........             (no amulet)
HPRegen  0.11/turn              (no ring)
MPRegen  0.09/turn              (no ring)

@: no status effects
A: permanent stasis, dig shafts and tunnels, four strong arms, antennae 3
a: Dig, Shaft Self


You were on level 3 of the Dungeon.
You visited 1 branch of the dungeon, and saw 3 of its levels.

You collected 85 gold pieces.

Inventory:

Hand Weapons
 a - a +0 war axe (weapon)
Missiles
 k - 46 arrows
 s - 3 boomerangs (quivered)
 t - 8 poisoned darts
 Q - 12 bolts
Armour
 n - a +0 ring mail (worn)
Wands
 c - a wand of flame (15)
 d - a wand of charming (9)
 e - a wand of random effects (15)
Scrolls
 b - a scroll of remove curse {unknown}
 g - 3 scrolls of identify {unknown}
 h - a scroll of fog {unknown}
 j - a scroll of blinking {unknown}
 m - 2 scrolls of enchant armour {unknown}
 o - 2 scrolls of magic mapping {unknown}
 q - 2 scrolls of teleportation {unknown}
 r - a scroll of immolation {unknown}
Potions
 f - 2 potions of curing {unknown}
 i - 2 potions of heal wounds
 l - a potion of flight {unknown}
 p - 2 potions of lignification {unknown}


   Skills:
 + Level 2.6 Fighting
 * Level 1.3 Axes
 + Level 3.2 Armour
 - Level 0.8 Dodging
 - Level 1.2 Stealth
 + Level 4.1 Evocations


You had 3 spell levels left.
You didn't know any spells.
Your spell library was empty.

Dungeon Overview and Level Annotations

Branches:
Dungeon (3/15)

Altars:
Elyvilon
Trog


Innate Abilities, Weirdness & Mutations

You cannot be hasted, slowed, berserked, paralysed or teleported.
You can dig through walls and to a lower floor.
Your four strong arms can wield two-handed weapons with a shield.
You have a pair of large antennae on your head. (SInv)


Message History

Attack!
The hobgoblin hits you with a +0 club.
* * * LOW HITPOINT WARNING * * *
The orc hits you with a +0 flail.
* * * LOW HITPOINT WARNING * * *
You take 7 damage, and have 12/34 hp.
MASSIVE DAMAGE!!
You are too injured to fight recklessly!
Unknown command.
You barely miss the orc. You hit the hobgoblin.
You kill the hobgoblin!
An orc priest comes into view. It is wielding a +0 club.
The orc priest is poisoned.
The orc misses you.
Unknown command.
You hit the orc.
Unknown command.
You hit the orc. You closely miss the orc. The orc hits you with a +0 flail!
* * * LOW HITPOINT WARNING * * *
The orc priest closely misses your orc wizard.
The orc hits you with a +0 flail.
You die...

#......# #......#
..... .......# .....
######.....# ......
...........## .$....
#.........# #?.....
+.........# .......
#.).......##....!..
#))........@o......
#)รท.......##oo.....
######)........#


oo..... ......#.#......# ...#### #####.#.######## o..# #.#.. o..# #.##### ...#
#.#...# .... #.#.#.# You could see 2 orc priests, 4 orcs and a friendly orc
wizard (charmed, invisible).

Levels and vault maps discovered:
D:1:      onia_arrival_handbag, layout_basic, grunt_decor_one_mirror
D:2:      layout_loops_ring, nicolae_overflow_crystal_walls, marbit_many_paths,
          kennysheep_generic_room_12
D:3:      layout_basic, minmay_distorted

Notes
Turn   | Place    | Note
-------+----------+-------------------------------------------
     0 | D:1      | puppykicker the Formicid Artificer began the quest for the
                  | Orb.
     0 | D:1      | Reached XP level 1. HP: 15/15 MP: 1/1
   184 | D:1      | Reached XP level 2. HP: 9/21 MP: 2/2
   586 | D:1      | Identified a +0 club
   627 | D:1      | Identified a +0 dagger
   677 | D:1      | Identified a +0 club
   834 | D:1      | Identified a +0 club
  1186 | D:1      | Identified a +0 dagger
  1224 | D:1      | Reached XP level 3. HP: 27/27 MP: 3/3
  1316 | D:1      | Reached skill level 2 in Fighting
  1316 | D:1      | Identified a +0 club
  1441 | D:1      | Identified a +0 dagger
  1489 | D:1      | Identified a +0 short sword
  1490 | D:1      | Identified a +0 club
  1663 | D:1      | Identified a +0 spear (You found it on level 1 of the
                  | Dungeon)
  1769 | D:1      | Identified a +0 ring mail (You found it on level 1 of the
                  | Dungeon)
  1846 | D:1      | Reached skill level 3 in Armour
  1943 | D:2      | Identified a +0 hand axe
  2147 | D:2      | Reached XP level 4. HP: 33/33 MP: 4/4
  2212 | D:2      | Identified a +0 club
  2260 | D:2      | Identified a +0 club
  2342 | D:2      | Reached skill level 4 in Evocations
  2346 | D:2      | Found a white marble altar of Elyvilon.
  2530 | D:2      | Identified a +0 club
  2551 | D:2      | Found a bloodstained altar of Trog.
  2846 | D:3      | Identified a +0 falchion
  2846 | D:3      | Identified a +0 falchion
  2846 | D:3      | Identified a +2 vorpal mace
  2846 | D:3      | Identified a cursed +0 ring mail
  2846 | D:3      | Identified a +0 war axe
  2847 | D:3      | Identified a cursed -2 dagger
  2847 | D:3      | Identified a cursed +0 robe
  2847 | D:3      | Identified a +0 falchion
  2847 | D:3      | Identified a +0 ring mail
  2862 | D:3      | Identified 3 potions of heal wounds
  2876 | D:3      | Reached skill level 1 in Axes
  2908 | D:3      | Identified a +0 mace
  2908 | D:3      | Identified a +0 ring mail
  2909 | D:3      | Identified a +0 whip
  2910 | D:3      | Identified a +0 trident
  2911 | D:3      | Identified a +0 club
  2911 | D:3      | Identified a +0 leather armour
  2922 | D:3      | HP: 7/34 [orc/+0 trident (5)]
  3177 | D:3      | Identified a +0 club
  3177 | D:3      | Identified a +0 flail
  3179 | D:3      | Identified a +0 flail
  3179 | D:3      | Identified a cursed +0 scale mail
  3179 | D:3      | Identified a +0 club
  3179 | D:3      | Identified a +2 dagger of venom
  3179 | D:3      | Identified a +0 robe
  3180 | D:3      | Identified a +0 mace
  3181 | D:3      | Identified a +0 short sword
  3184 | D:3      | Identified a +0 club
  3184 | D:3      | Identified a +0 ring mail
  3186 | D:3      | HP: 6/34 [orc/+0 flail (7)]
  3186 | D:3      | Slain by an orc

Table legend: (Time is in decaauts)
 A = Elapsed time spent in this place.
 B = Non-inter-level travel time spent in this place.
 C = Inter-level travel time spent in this place.
 D = Time resting spent in this place.
 E = Time spent auto-exploring this place.
 F = Levels seen in this place.
 G = Mean time per level.
                   A        B        C        D        E       F      G
               +--------+--------+--------+--------+--------+-----+--------+
         Total |   3254 |   2956 |    298 |   1179 |   1202 |   3 | 1084.7 |
       Dungeon |   3254 |   2956 |    298 |   1179 |   1202 |   3 | 1084.7 |
               +--------+--------+--------+--------+--------+-----+--------+

Top non-repeatable levels by time:
     D:1: 1873 daAuts
     D:2: 989 daAuts
     D:3: 391 daAuts

Table legend:
 A = Kills in this place as a percentage of kills in entire the game.
 B = Kills by you in this place as a percentage of kills by you in the entire game.
 C = Kills by friends in this place as a percentage of kills by friends in the entire game.
 D = Other kills in this place as a percentage of other kills in the entire game.
 E = Experience gained in this place as a percentage of experience gained in the entire game.
 F = Experience gained in this place divided by the number of levels of this place that you have seen.
                   A       B       C       D       E      F
               +-------+-------+-------+-------+-------+----------------------
         Total | 100.0 | 100.0 | 100.0 | 100.0 | 100.0 |  46.0
       Dungeon | 100.0 | 100.0 | 100.0 | 100.0 | 100.0 |  46.0
               +-------+-------+-------+-------+-------+----------------------

Skill      XL: |  1  2  3  4 |
---------------+-------------+-----
Fighting       | 2 |  2.6
Armour         | 3 |  3.2
Evocations     | 4 |  4.1
Axes           | 1 |  1.3
Dodging        | |  0.8
Stealth        | |  1.2

Action                   |  1- 3 |  4- 6 || total
-------------------------+-------+-------++-------
Melee: Club              |    70 |       ||    70
       Hand axe          |    25 |    61 ||    86
       Spear             |    18 |       ||    18
       War axe           |       |    10 ||    10
Throw: Boomerang         |    38 |    24 ||    62
 Abil: Dig               |     3 |     1 ||     4
Evoke: Wand              |       |     6 ||     6
  Use: Potion            |       |     1 ||     1
 Stab: Sleeping          |     3 |       ||     3
Armor: Leather armour    |    28 |       ||    28
       Ring mail         |    25 |    25 ||    50
Dodge: Dodged            |    71 |    49 ||   120

Vanquished Creatures
  An ooze (D:1)
  A worm (D:2)
  2 dart slugs
  A leopard gecko (D:1)
  7 orcs (D:3)
  11 bats
  A giant cockroach (D:1)
  5 goblins
  7 hobgoblins
  A jackal (D:3)
  8 kobolds
  2 quokkas (D:2)
  A ball python (D:2)
  7 frilled lizards
  6 rats
61 creatures vanquished.

Vanquished Creatures (collateral kills)
  An orc (D:3)
  A jackal (D:3)
2 creatures vanquished.

Vanquished Creatures (others)
  An orc wizard (D:3)
  An orc (D:3)
  A kobold (D:3)
3 creatures vanquished.

Grand Total: 66 creatures vanquished
